 Dungeon Crawl Stone Soup version 0.31.0-32-g396128a36d (webtiles) character file.

Game seed: 14664316701644060339

208 monsoonserge the Ruffian (level 5, -6/61 HPs)
             Began as a Gnoll Shapeshifter on Mar 9, 2024.
             Was a Follower of Ru.
             Mangled by a kobold brigand
             ... wielding a +0 whip
              (7 damage)
             ... on level 6 of the Dungeon.
             The game lasted 00:06:23 (2397 turns).

monsoonserge the Ruffian (Gnoll Shapeshifter)       Turns: 2397, Time: 00:06:24

Health: -6/61      AC:  5    Str: 16    XL:     5   Next: 86%
Magic:  7/7        EV:  7    Int:  9    God:    Ru [*.....]
Gold:   180        SH:  0    Dex: 11    Spells: 7/7 levels left

rFire   . .          .
                       - Unarmed
rCold   . . .        (no shield)
rNeg    . . .        v - +0 ring mail
rPois   .            (helmet currently unavailable)
rElec   .            (cloak currently unavailable)
rCorr   .            (gloves currently unavailable)
SInv    .            (boots currently unavailable)
Will    .....        (no amulet) Stlth
                     (no ring)
HPRegen 0.30/turn    (no ring)
MPRegen 0.10/turn

%: no passive effects
@: berserking, beast-form, very quick
A: beast (slay +3), fangs 1, reduced EV 1, strong nose, distributed training
a: Begin Untransformation, Renounce Religion


You were on level 6 of the Dungeon.
You worshipped Ru.
Ru was aware of your devotion.
You were a hulking beast.
You visited 1 branch of the dungeon, and saw 6 of its levels.

You collected 180 gold pieces.

Inventory:

Missiles
 p - 4 darts of dispersal
Armour
 a - a +0 animal skin
 e - a +0 leather armour
 s - a +0 scale mail
 v - a +0 ring mail (worn)
Magical Staves
 f - a staff of conjuration
Talismans
 c - a beast talisman
 d - a flux talisman
Scrolls
 g - a scroll of immolation {unknown}
 h - 5 scrolls of blinking {unknown}
 i - a scroll of revelation {unknown}
 n - 2 scrolls of teleportation
 q - a scroll of amnesia {unknown}
 u - a scroll of poison {unknown}
 w - a scroll of brand weapon {unknown}
Potions
 k - a potion of curing
 m - a potion of invisibility {unknown}
 o - a potion of berserk rage
 t - a potion of attraction {unknown}


   Skills:
 + Level 3.1 Fighting
 + Level 1.7 Short Blades
 + Level 1.7 Long Blades
 + Level 1.7 Axes
 + Level 1.7 Maces & Flails
 + Level 1.7 Polearms
 + Level 1.7 Staves
 + Level 1.7 Ranged Weapons
 + Level 1.7 Throwing
 + Level 1.7 Armour
 + Level 4.9 Dodging
 + Level 1.7 Stealth
 + Level 1.7 Shields
 + Level 6.7 Unarmed Combat
 + Level 1.7 Spellcasting
 + Level 1.3 Conjurations
 + Level 1.3 Hexes
 + Level 1.3 Summonings
 + Level 1.3 Necromancy
 + Level 1.3 Translocations
 + Level 1.3 Fire Magic
 + Level 1.3 Ice Magic
 + Level 1.3 Air Magic
 + Level 1.3 Earth Magic
 + Level 1.3 Alchemy
 + Level 2.0 Invocations
 + Level 1.7 Evocations
 + Level 6.7 Shapeshifting


You had 7 spell levels left.
You didn't know any spells.
Your spell library contained the following spells:

 Spells                   Type           Power      Damage    Failure   Level
 Ensorcelled Hibernation  Hex/Ice        6%         N/A       50%         2
 Fugue of the Fallen      Necr           3%         N/A       73%         3
 Anguish                  Hex/Necr       1%         N/A       98%         4


Dungeon Overview and Level Annotations

Branches:
Dungeon (7/15)
 Temple: D:4-7

Altars:
Ru
Yredelemnul
Zin

Shops:
D:2 :[


Innate Abilities, Weirdness & Mutations

You are a hulking beast.
Your limbs bulge with bestial killing power. (Slay +3)
You have very sharp teeth.
You have somewhat slow reflexes. (EV -5)
Your uncanny sense of smell can sniff out nearby items.
Your experience applies equally to all skills.


Message History

The kobold brigand is moderately wounded.
The kobold brigand hits you with a +0 whip!
The kobold hits you with a +0 short sword.
The kobold hits you but does no damage. The kobold barely misses you.
You closely miss the kobold brigand.
The kobold brigand is moderately wounded.
You redirect the kobold brigand's attack!
The kobold brigand hits the kobold with a +0 whip!
The kobold dies!
The kobold barely misses you. The kobold hits you but does no damage.
You strike the helpless kobold brigand from behind!
You punch the kobold brigand!
The kobold brigand is severely wounded.
The kobold brigand hits you with a +0 whip!
The kobold hits you but does no damage.
The kobold is stunned by your conviction and fails to attack.
You closely miss the kobold brigand. Your bite misses the kobold brigand.
The kobold brigand is severely wounded.
You barely miss the kobold brigand.
The kobold brigand is severely wounded.
The kobold hits you but does no damage.
The kobold hits you with a +0 short sword.
The kobold brigand hits you with a +0 whip.
* * * LOW HITPOINT WARNING * * *
It was a potion of berserk rage.
A red film seems to cover your vision as you go berserk!
You feel yourself moving faster!
You feel mighty! The kobold hits you with a +0 dagger.
* * * LOW HITPOINT WARNING * * *
The kobold completely misses you.
The kobold brigand hits you with a +0 whip.
* * * LOW HITPOINT WARNING * * *
You closely miss the kobold brigand.
The kobold brigand is heavily wounded.
The kobold hits you with a +0 dagger.
* * * LOW HITPOINT WARNING * * *
The kobold hits you with a +0 short sword.
* * * LOW HITPOINT WARNING * * *
The kobold brigand hits you with a +0 whip!
You die...

#..........
..#...
....###....
...... . #....
...... .# #....
......# ..#
.....
....:..###.##
#.....
............#
.......KK...#.#
#..)h).....#
#....K......
##..........
#..........#
#............
...##.##.....#
#### #. ####.#
## ##


You could see a kobold brigand and 2 kobolds.

Vanquished Creatures
  A scorpion (D:6)
  Jessica (D:2)
  A sleepcap (D:6)
  3 gnolls (D:6)
  An adder (D:6)
  A ribbon worm (D:2)
  8 endoplasms
  2 giant cockroaches
  4 goblins
  5 hobgoblins
  3 jackals (D:1)
  3 kobolds
  A quokka (D:1)
  7 ball pythons
  7 bats
  3 rats (D:2)
51 creatures vanquished.

Vanquished Creatures (others)
  A kobold (D:6)
1 creature vanquished.

Grand Total: 52 creatures vanquished

Notes
Turn   | Place    | Note
-------+----------+-------------------------------------------
     0 | D:1      | monsoonserge the Gnoll Shapeshifter began the quest for the
                  | Orb.
     0 | D:1      | Reached XP level 1. HP: 17/17 MP: 1/1
    63 | D:1      | Reached XP level 2. HP: 23/23 MP: 2/2
   505 | D:1      | Found a faded altar of an unknown god.
   585 | D:1      | Prayed at the altar of an unknown god.
   585 | D:1      | Became a worshipper of Ru the Awakened
   590 | D:1      | Gained mutation: You have somewhat slow reflexes. (EV -5)
                  | [Ru sacrifice]
   590 | D:1      | Reached * piety under Ru
   633 | D:1      | Reached XP level 3. HP: 19/28 MP: 3/3
   892 | D:2      | Reached skill level 1 in Invocations
   955 | D:2      | Noticed Jessica
   960 | D:2      | Killed Jessica
   961 | D:2      | Reached skill level 1 in Short Blades
   961 | D:2      | Reached skill level 1 in Long Blades
   961 | D:2      | Reached skill level 1 in Axes
   961 | D:2      | Reached skill level 1 in Maces & Flails
   961 | D:2      | Reached skill level 1 in Polearms
   961 | D:2      | Reached skill level 1 in Staves
   961 | D:2      | Reached skill level 1 in Ranged Weapons
   961 | D:2      | Reached skill level 1 in Throwing
   961 | D:2      | Reached skill level 1 in Armour
   961 | D:2      | Reached skill level 1 in Stealth
   961 | D:2      | Reached skill level 1 in Shields
   961 | D:2      | Reached skill level 1 in Spellcasting
   961 | D:2      | Reached skill level 1 in Evocations
   961 | D:2      | Reached XP level 4. HP: 25/34 MP: 5/5
  1134 | D:2      | Found a basalt altar of Yredelemnul.
  1197 | D:2      | Found Cuholonk's Book Shoppe.
  1359 | D:2      | Found Qutuox's Armour Shoppe.
  2241 | D:4      | Reached skill level 1 in Conjurations
  2241 | D:4      | Reached skill level 1 in Hexes
  2241 | D:4      | Reached skill level 1 in Summonings
  2241 | D:4      | Reached skill level 1 in Necromancy
  2241 | D:4      | Reached skill level 1 in Translocations
  2241 | D:4      | Reached skill level 1 in Fire Magic
  2241 | D:4      | Reached skill level 1 in Ice Magic
  2241 | D:4      | Reached skill level 1 in Air Magic
  2241 | D:4      | Reached skill level 1 in Earth Magic
  2241 | D:4      | Reached skill level 1 in Alchemy
  2273 | D:4      | Found a glowing silver altar of Zin.
  2291 | D:4      | You fall into a shaft and drop 3 floors!
  2299 | D:6      | Noticed a bullfrog
  2309 | D:6      | Noticed a yak
  2310 | D:6      | Noticed a yak
  2318 | D:6      | Noticed a yak
  2336 | D:6      | Noticed a scorpion
  2343 | D:6      | Killed a scorpion
  2344 | D:6      | Reached XP level 5. HP: 41/41 MP: 5/7
  2375 | D:6      | Noticed an ice beast
  2383 | D:6      | Noticed a kobold brigand
  2397 | D:6      | HP: 3/61 [kobold/+0 dagger (3)]
  2397 | D:6      | HP: 1/61 [kobold/+0 short sword (2)]
  2397 | D:6      | Mangled by a kobold brigand

Illustrated notes

Levels and vault maps discovered:
D:1:      dpeg_arrival_simpleton_c, layout_loops_corners,
          shapermc_ecumenical_altar_mp_vishouse
D:2:      layout_loops_ring, serial_shops, nicolae_shop_just_a_little_nook,
          nicolae_shop_hallway_plus, serial_aquarium,
          aquarium_bridge_long_separate [aquarium_subvault_window,
          aquarium_subvault_bridge, aquarium_subvault_window,
          aquarium_subvault_wall, aquarium_subvault_window,
          aquarium_subvault_bridge], aquarium_bridge_straight
          [aquarium_subvault_bridge, aquarium_subvault_balcony,
          aquarium_subvault_bridge, aquarium_subvault_wall],
          aquarium_window_corridor_3, aquarium_window_corner,
          aquarium_window_fake, aquarium_window_2, aquarium_view_2f,
          aquarium_balcony_5b, basic_altar, uniq_jessica
D:3:      layout_loops_cross
D:4:      kennysheep_six_static_rooms, layout_basic,
          mainiacjoe_overflow_24_doors, minmay_temple_entry_junction_2
D:6:      layout_cave_pools
D:7:      layout_loops_cross

Skill      XL: |  1  2  3  4  5 |
---------------+----------------+-----
Invocations    | 1 2 |  2.0
Short Blades   | 1 |  1.7
Long Blades    | 1 |  1.7
Axes           | 1 |  1.7
Maces & Flails | 1 |  1.7
Polearms       | 1 |  1.7
Staves         | 1 |  1.7
Ranged Weapons | 1 |  1.7
Throwing       | 1 |  1.7
Armour         | 1 |  1.7
Stealth        | 1 |  1.7
Shields        | 1 |  1.7
Spellcasting   | 1 |  1.7
Evocations     | 1 |  1.7
Conjurations   | 1 |  1.3
Hexes          | 1 |  1.3
Summonings     | 1 |  1.3
Necromancy     | 1 |  1.3
Translocations | 1 |  1.3
Fire Magic     | 1 |  1.3
Ice Magic      | 1 |  1.3
Air Magic      | 1 |  1.3
Earth Magic    | 1 |  1.3
Alchemy        | 1 |  1.3
Fighting       | 3 |  3.1
Dodging        | |  4.9
Unarmed Combat | |  6.7
Shapeshifting  | |  6.7

Action                     |  1- 3 |  4- 6 || total
---------------------------+-------+-------++-------
  Melee: Unarmed           |    58 |    53 ||   111
         Bite              |     5 |     2 ||     7
         Punch             |     2 |     4 ||     6
  Throw: Dart              |       |     2 ||     2
         Javelin           |       |     6 ||     6
         Throwing net      |       |     1 ||     1
 Invoke: Sacrifice Health  |     1 |       ||     1
    Use: Potion            |       |     3 ||     3
         Scroll            |       |     2 ||     2
   Stab: Sleeping          |       |     1 ||     1
         Distracted        |       |     1 ||     1
 Armour: Animal skin       |     9 |       ||     9
         Leather armour    |    35 |    13 ||    48
         Skin              |       |     8 ||     8
         Ring mail         |       |    26 ||    26
         Scale mail        |       |     1 ||     1
  Dodge: Dodged            |    28 |    18 ||    46
